 Dungeon Crawl Stone Soup version 0.28.0-53-g5a82cb258f (webtiles) character file.

Game seed: 11478040007039408603

23 funkygono the Bolt Thrower (level 2, -2/25 HPs)
             Began as a Minotaur Hunter on July 8, 2022.
             Slain by an orc
             ... wielding a +0 whip
              (4 damage)
             ... on level 2 of the Dungeon.
             The game lasted 00:01:03 (186 turns).

funkygono the Bolt Thrower (Minotaur Hunter)         Turns: 186, Time: 00:01:04

Health: -2/25      AC:  3    Str: 16    XL:     2   Next: 75%
Magic:  1/1        EV: 11    Int:  8    God:
Gold:   0          SH:  0    Dex: 10    Spells: 1/1 levels left

rFire   . . .      SeeInvis .   a - +0 short sword
rCold   . . .      Faith    .   (no shield)
rNeg    . . .      Spirit   .   c - +0 leather armour
rPois   .          Reflect  .   (helmet restricted)
rElec   .          Harm     .   (no cloak)
rCorr   .          Rampage  .   (no gloves)
Will    .....                   (no boots)
Stlth   +.........              (no amulet)
HPRegen 0.08/turn               (no ring)
MPRegen 0.07/turn               (no ring)

@: no status effects
A: horns 2, retaliatory headbutt
a: no special abilities


You were on level 2 of the Dungeon.
You visited 1 branch of the dungeon, and saw 2 of its levels.

Inventory:

Hand Weapons
 a - a +0 short sword (weapon)
 b - a +1 hand crossbow
Missiles
 d - 8 bolts
Armour
 c - a +0 leather armour (worn)
Potions
 e - 2 potions of might {unknown}


   Skills:
 + Level 2.7 Fighting
 + Level 5.1 Crossbows
 + Level 0.4 Armour
 + Level 2.2 Dodging
 + Level 0.7 Stealth


You had one spell level left.
You didn't know any spells.
Your spell library was empty.

Dungeon Overview and Level Annotations

Branches:
Dungeon (1/15)

Altars:


Innate Abilities, Weirdness & Mutations

You have a pair of horns on your head.
You reflexively headbutt those who attack you in melee.


Message History

a - a +0 short sword (weapon)
You hit the orc. Your headbutt misses the orc.
The orc is lightly wounded.
The orc hits you with a +0 flail.
You hit the orc. You headbutt the orc.
The orc is heavily wounded.
The orc barely misses you.
You hit the orc.
You kill the orc!
You barely miss the orc. The orc hits you but does no damage.
You hit the orc but do no damage. You hit the orc.
The orc is moderately wounded.
The orc barely misses you.
You hit the orc. Your headbutt misses the orc.
The orc is almost dead.
The orc hits you with a +0 whip.
You hit the orc.
You kill the orc!
The orc hits you with a +0 whip.
* * * LOW HITPOINT WARNING * * *
You hit the orc but do no damage. The orc hits you with a +0 whip.
* * * LOW HITPOINT WARNING * * *
Okay, then.
You hit the orc.
The orc is lightly wounded.
The orc hits you with a +0 whip.
* * * LOW HITPOINT WARNING * * *
You hit the orc. Your headbutt misses the orc.
The orc is severely wounded.
The orc barely misses you.
You closely miss the orc. Your headbutt misses the orc.
The orc is severely wounded.
The orc closely misses you.
You closely miss the orc.
The orc is severely wounded.
The orc barely misses you. You furiously retaliate!
You headbutt the orc!
You kill the orc!
You closely miss the orc. The orc hits you with a +0 whip.
You die...

### #.# #.# #.#
... #.# #.# #@#
#o# .#.####.###
..........#
.....##(#........
.#....(.#.#.###..
#......#.#.#
#......#.# #
.(.....(...


You could see an orc.

Vanquished Creatures
  3 orcs (D:2)
  An endoplasm (D:1)
  3 giant cockroaches (D:1)
  A hobgoblin (D:1)
  A ball python (D:1)
  7 bats
  A goblin (D:2)
  A kobold (D:1)
  A rat (D:1)
19 creatures vanquished.

Notes
Turn   | Place    | Note
-------+----------+-------------------------------------------
     0 | D:1      | funkygono the Minotaur Hunter began the quest for the Orb.
     0 | D:1      | Reached XP level 1. HP: 18/18 MP: 0/0
    68 | D:1      | Reached XP level 2. HP: 25/25 MP: 1/1
    96 | D:1      | Reached skill level 5 in Crossbows
   158 | D:1      | You fall into a shaft and drop 1 floor!
   186 | D:2      | Slain by an orc

Illustrated notes

Levels and vault maps discovered:
D:1:      wheals_arrival_shading, layout_loops_cross, nrook_uturn
D:2:      layout_basic, uniq_crazy_yiuf_cottage

Skill      XL: |  1  2 |
---------------+-------+-----
Crossbows      | 5 |  5.1
Fighting       | |  2.7
Armour         | |  0.4
Dodging        | |  2.2
Stealth        | |  0.7

Action                   || total
-------------------------++-------
Melee: Short sword       ||    20
       Headbutt          ||     3
 Fire: Hand crossbow     ||    21
Armor: Leather armour    ||     7
Dodge: Dodged            ||    14
